 Dungeon Crawl Stone Soup version 0.21-a0-135-g8dc100c (webtiles) character file.

3469 Llamajah the Protected (level 9, -1/85 HPs)
             Began as a Minotaur Fighter on July 17, 2017.
             Was a Priest of Cheibriados.
             Slain by a hellwing (2 damage)
             ... on level 8 of the Dungeon.
             The game lasted 00:17:42 (6035 turns).

Llamajah the Protected (Minotaur Fighter)           Turns: 6035, Time: 00:17:44

Health: -1/85      AC:  8    Str: 25 (27) XL:     9   Next: 79%
Magic:  6/8        EV: 16    Int:  9 (12) God:    Cheibriados [***...]
Gold:   276        SH: 13    Dex: 25 (26) Spells: 8/8 levels left

rFire    . . .     SeeInvis .   a - +0 war axe
rCold    . . .     Gourm    .   c - +0 shield
rNeg     . . .     Faith    .   b - +0 scale mail
rPois    +         Spirit   .   (helmet restricted)
rElec    .         Reflect  .   (no cloak)
rCorr    .         Harm     .   (no gloves)
MR       .....     Clarity  +   (no boots)
Stlth    +.........             (no amulet)
HPRegen  0.24/turn              D - ring of poison resistance
MPRegen  0.11/turn              C - +5 ring of dexterity (curse)

@: very slow
A: retaliatory headbutt, horns 2, clarity, robust 1, evolution 1
a: Bend Time, Temporal Distortion, Renounce Religion


You were on level 8 of the Dungeon.
You worshipped Cheibriados.
Cheibriados was most pleased with you.
You were not hungry.

You visited 1 branch of the dungeon, and saw 8 of its levels.

You collected 386 gold pieces.
You spent 110 gold pieces at shops.

Inventory:

Hand Weapons
 a - a +0 war axe (weapon)
Armour
 b - a +0 scale mail (worn)
 c - a +0 shield (worn)
Jewellery
 d - a +3 ring of dexterity
 t - the ring "Dullat" {+Fly rN++ Int+4 Dex-3}
   (You bought it in a shop on level 7 of the Dungeon)

   [ring of flight]

   It affects your intelligence (+4).
   It affects your dexterity (-3).
   It greatly protects you from negative energy.
   It lets you fly.
 C - a cursed +5 ring of dexterity (right hand)
 D - a ring of poison resistance (left hand)
Wands
 w - a wand of confusion (21/48)
 B - a wand of disintegration (4/24)
Scrolls
 e - 5 scrolls of teleportation {unknown}
 g - 5 scrolls of enchant armour {unknown}
 h - 8 scrolls of identify {unknown}
 i - a scroll of blinking {unknown}
 j - a scroll of noise {unknown}
 l - 3 scrolls of remove curse {unknown}
 m - a scroll of holy word {unknown}
 o - 2 scrolls of enchant weapon {unknown}
 r - 2 scrolls of fear {unknown}
 s - 3 scrolls of magic mapping {unknown}
 x - a scroll of immolation {unknown}
 y - a scroll of random uselessness {unknown}
 A - a scroll of summoning {unknown}
 E - 3 scrolls of amnesia {unknown}
 H - a scroll of brand weapon {unknown}
Potions
 k - a potion of flight
 n - a potion of magic
Books
 F - a book of Geomancy

   Spells                             Type                      Level
   a - Sandblast                      Earth                        1
   b - Passwall                       Transmutation/Earth          2
   c - Stone Arrow                    Conjuration/Earth            3
   d - Petrify                        Transmutation/Earth          4
   e - Lee's Rapid Deconstruction     Earth                        5
Comestibles
 f - 5 bread rations
 q - 8 fruits
 v - 3 royal jellies
 z - 4 meat rations


   Skills:
 + Level 6.6 Fighting
 + Level 6.0 Axes
 * Level 9.5 Armour
 * Level 7.5 Dodging
 * Level 9.2 Shields


You had 8 spell levels left.
You didn't know any spells.

Dungeon Overview and Level Annotations

Branches:
Dungeon (8/15)             Temple (0/1) D:7
   Lair: D:8-11

Altars:
Cheibriados
Dithmenos
Elyvilon
Fedhas
Makhleb
Nemelex Xobeh
Ru
Sif Muna
Wu Jian
Zin

Shops:
D:5 =   D:7 *

Annotations:
D:3 exclusion: oklob plant


Innate Abilities, Weirdness & Mutations

You reflexively headbutt those who attack you in melee.
You have a pair of horns on your head.
You possess an exceptional clarity of mind.
You are robust. (+10% HP)
You evolve.


Message History

You headbutt the hellwing, but do no damage.
The hellwing hits you.
* * * LOW HITPOINT WARNING * * *
You slash the hellwing!
You headbutt the hellwing, but do no damage.
The hellwing is heavily wounded.
The hellwing hits you.
* * * LOW HITPOINT WARNING * * *
You block the hellwing's attack.
You barely miss the hellwing.
The hellwing is heavily wounded.
You block the hellwing's attack. The hellwing barely misses you.
You slash the hellwing! Your headbutt misses the hellwing.
The hellwing is severely wounded.
You block the hellwing's attack. The hellwing hits you.
* * * LOW HITPOINT WARNING * * *
The hellwing hits you.
* * * LOW HITPOINT WARNING * * *
The hellwing hits you.
You die...

.. ..8 #. 88.
#. .... .
.4...
.###.....
###........
#..†.......
#.############
#....4@......#
############.#
#.#########
#.# ......#.
#.# .....
#.######.###
#...........
########.###
#.#


You could see a hellwing.

Vanquished Creatures
  Pikel (D:5)
  Joseph (D:8)
  A hellwing (D:8)
  A hippogriff (D:6)
  An ice beast (D:5)
  A black bear (D:7)
  4 sky beasts
  A slave (D:5)
  3 ogres
  A centaur (D:6)
  The ghost of Heartnet the Insei, an amateur OpTm (D:3)
  A bullfrog (D:6)
  A water moccasin zombie (D:6)
  2 scorpions
  A howler monkey (D:5)
  2 crimson imps (D:7)
  4 bullfrog zombies (D:6)
  2 centaur zombies
  4 hounds
  An orc priest (D:6)
  2 orc wizards
  2 iguanas
  A worker ant (D:7)
  2 worker ant zombies (D:6)
  A howler monkey skeleton (D:6)
  4 gnolls (D:5)
  12 adders
  2 shadow imps
  2 oozes
  2 adder skeletons (D:6)
  2 worms
  2 dart slugs
  4 leopard geckos
  7 orcs
  8 bats
  5 giant cockroaches
  3 goblins
  6 hobgoblins
  3 quokkas
  3 frilled lizards
  A jackal zombie (D:5)
  6 kobolds
  2 quokka skeletons
  A quokka zombie (D:7)
  7 rats
124 creatures vanquished.

Vanquished Creatures (others)
  A slave (D:5)
  Ijyb (D:5)
  A jackal zombie (D:5)
  18 toadstools (D:3)
21 creatures vanquished.

Grand Total: 145 creatures vanquished

Notes
Turn   | Place    | Note
-------+----------+-------------------------------------------
     0 | D:1      | Llamajah the Minotaur Fighter began the quest for the Orb.
     0 | D:1      | Reached XP level 1. HP: 19/19 MP: 0/0
   116 | D:1      | Reached XP level 2. HP: 26/26 MP: 1/1
   135 | D:1      | Reached skill level 1 in Dodging
   424 | D:2      | Found a burning altar of Makhleb.
   532 | D:2      | Found a snail-covered altar of Cheibriados.
   570 | D:2      | Reached XP level 3. HP: 25/33 MP: 2/2
   672 | D:2      | Became a worshipper of Cheibriados the Contemplative
   758 | D:2      | Found a sparkling altar of Nemelex Xobeh.
  1159 | D:3      | Noticed Heartnet's ghost (amateur OpTm)
  1164 | D:3      | Killed Heartnet's ghost
  1164 | D:3      | Reached XP level 4. HP: 34/40 MP: 3/3
  1194 | D:3      | Reached XP level 5. HP: 44/46 MP: 4/4
  1491 | D:3      | Found a deep blue altar of Sif Muna.
  1515 | D:3      | Reached skill level 5 in Armour
  1824 | D:3      | Reached * piety under Cheibriados
  1831 | D:3      | Found a shadowy altar of Dithmenos.
  1912 | D:3      | Found an ornate altar of the Wu Jian Council.
  2069 | D:3      | Found a white marble altar of Elyvilon.
  2099 | D:3      | Found a blossoming altar of Fedhas.
  2120 | D:3      | Noticed an oklob plant
  2805 | D:5      | Entered Level 5 of the Dungeon
  2812 | D:5      | Reached skill level 5 in Shields
  2816 | D:5      | Noticed a slave
  2817 | D:5      | Noticed Pikel
  2817 | D:5      | Noticed a slave
  2817 | D:5      | Noticed a slave
  2818 | D:5      | Noticed a slave
  2825 | D:5      | Killed a slave
  2831 | D:5      | HP: 2/47 [Pikel/whip of flaming (6)]
  2833 | D:5      | Killed Pikel
  2833 | D:5      | Reached XP level 6. HP: 2/55 MP: 5/5
  2833 | D:5      | Reached XP level 7. HP: 2/60 MP: 6/6
  3157 | D:5      | Reached skill level 5 in Fighting
  3277 | D:5      | Found Laasazor's Jewellery Shop.
  3325 | D:5      | Found a sacrificial altar of Ru.
  3334 | D:5      | Killed Ijyb
  3725 | D:5      | Reached ** piety under Cheibriados
  3991 | D:5      | Reached XP level 8. HP: 41/68 MP: 7/7
  4057 | D:6      | Noticed a hippogriff
  4065 | D:6      | Reached skill level 5 in Dodging
  4074 | D:6      | Gained mutation: You possess an exceptional clarity of mind. [potion of mutation]
  4074 | D:6      | Gained mutation: You evolve. [potion of mutation]
  4074 | D:6      | Gained mutation: You are robust. (+10% HP) [potion of mutation]
  4082 | D:6      | Killed a hippogriff
  4702 | D:6      | Reached skill level 5 in Axes
  4967 | D:7      | Reached XP level 9. HP: 78/82 MP: 8/8
  5021 | D:7      | Found Fogu Vas's Assorted Antiques.
  5029 | D:7      | Bought a scintillating ivory ring for 110 gold pieces
  5030 | D:7      | Identified the ring "Dullat" {+Fly rN++ Int+4 Dex-3} (You bought it in a shop on level 7 of the Dungeon)
  5223 | D:7      | Reached *** piety under Cheibriados
  5270 | D:7      | Found a glowing silver altar of Zin.
  5376 | D:7      | Found a staircase to the Ecumenical Temple.
  5666 | D:8      | Noticed Joseph
  5677 | D:8      | Killed Joseph
  5893 | D:8      | Noticed a hellwing
  5948 | D:8      | Killed a hellwing
  6020 | D:8      | Noticed a hellwing
  6035 | D:8      | HP: 1/85 [hellwing (4)]
  6035 | D:8      | Slain by a hellwing

Vault maps used:
D:1:      wheals_arrival_shading
D:2:      bloody_makhleb, kennysheep_slug_shrine, lemuel_coloured_pillars_altar
D:3:      elyvilon_altar_5, tgw_fedhas, old_standard_altar,
          nicolae_overflow_hidden_temple, hangedman_feature_mirror,
          minmay_misc_feat_iff, led_sif_book
D:4:      first_bread, minmay_misc_feat_encased, fountainhead
D:5:      nicolae_ru_the_path_less_chosen, serial_shops, shop, uniq_pikel,
          uniq_ijyb
D:6:      serial_undead, serial_undead_b, serial_undead_f, serial_undead_f,
          serial_undead_e, serial_undead_e, serial_undead_f, serial_undead_b
D:7:      zin_academy, temple_doors_e, serial_shops, shop
D:8:      cheibrodos_grave_circle, overflow_temple_1_default, uniq_gastronok,
          uniq_joseph

Skill      XL: |  1  2  3  4  5  6  7  8  9 |
---------------+----------------------------+-----
Dodging        | 1 2 3 4 6 7 |  7.5
Armour         | 4 6 7 8 9 |  9.5
Shields        | 4 6 7 9 |  9.2
Fighting       | 4 5 6 |  6.6
Axes           | 3 4 5 6 |  6.0

Action                   |  1- 3 |  4- 6 |  7- 9 || total
-------------------------+-------+-------+-------++-------
Melee: War axe           |    72 |    88 |   227 ||   387
       Headbutt          |    15 |    15 |    75 ||   105
Invok: Bend Time         |       |       |     1 ||     1
  Use: Potion            |     1 |     1 |    10 ||    12
  Eat: Chunk             |       |     4 |     6 ||    10
Armor: Scale mail        |    33 |    37 |    62 ||   132
       Skin              |       |       |    24 ||    24
Dodge: Dodged            |    23 |    33 |   125 ||   181
Block: Shield            |    46 |    66 |   196 ||   308
